 Dungeon Crawl Stone Soup version 0.28.0-53-g5a82cb258f (webtiles) character file.

Game seed: 2910573471268409016

1187 Gabide the Magician (level 8, -1/59 HPs)
             Began as a Djinni Hedge Wizard on June 30, 2022.
             Was an Initiate of Dithmenos.
             Slain by a hornet (8 damage)
             ... on level 6 of the Dungeon.
             The game lasted 00:17:26 (8418 turns).

Gabide the Magician (Djinni Hedge Wizard)           Turns: 8418, Time: 00:17:26

Health: -1/59      AC:  3    Str:  6    XL:     8   Next: 70%
Gold:   315        EV: 13    Int: 17    God:    Dithmenos [......] SH:  0 Dex: 19

rFire   + + +      SeeInvis .   g - +3 hand axe of the Leaping Wolf {elec, rF+}
rCold   x . .      Faith    .   (no shield)
rNeg    . . .      Spirit   .   m - +0 robe "Rebiw" {Str-3 Dex+5}
rPois   ∞          Reflect  .   e - +0 helmet
rElec   .          Harm     .   (no cloak)
rCorr   .          Rampage  .   (no gloves)
Will    .....                   (boots unavailable)
Stlth   ++........              (no amulet)
HPRegen 0.19/turn               (no ring)
MPRegen 0.00/turn               (no ring)

@: flying
A: sickness immunity, fire resistance 2, cold vulnerability 1, float, innate
caster, HP casting, extra vitality 1
a: Renounce Religion


You were on level 6 of the Dungeon.
You worshipped Dithmenos.
Dithmenos was noncommittal.
You visited 1 branch of the dungeon, and saw 6 of its levels.

You collected 315 gold pieces.

Inventory:

Hand Weapons
 a - a +0 dagger
 g - the +3 hand axe of the Leaping Wolf (weapon) {elec, rF+}
   (You found it on level 2 of the Dungeon)

   It occasionally discharges a powerful burst of electricity upon striking a
   foe.
   rF:        It protects you from fire.
Armour
 b - a +0 robe
 e - a +0 helmet (worn)
 m - the +0 robe "Rebiw" (worn) {Str-3 Dex+5}
   (You found it on level 2 of the Dungeon)

   Str:       It affects your strength (-3).
   Dex:       It affects your dexterity (+5).
Scrolls
 d - 2 scrolls of teleportation
 h - a scroll of silence {unknown}
 i - a scroll of noise
 n - a scroll of holy word {unknown}
Potions
 c - 4 potions of cancellation
 f - a potion of might
 j - a potion of degeneration {unknown}
 k - a potion of haste
 l - a potion of curing {unknown}
 o - a potion of resistance {unknown}
 p - a potion of invisibility {unknown}


   Skills:
 + Level 5.2 Fighting
 - Level 2.5 Dodging
 - Level 1.5 Stealth
 * Level 6.6 Spellcasting


You had 2 spell levels left.
You knew the following spells:

 Your Spells              Type           Power      Damage    Failure   Level
a - Magic Dart            Conj           100%       1d8       1%          1
b - Blink                 Tloc           56%        N/A       1%          2
c - Call Imp              Summ           28%        N/A       1%          2
d - Slow                  Hex            100%       N/A       1%          1
e - Conjure Flame         Conj/Fire      28%        6-21      2%          3
f - Mephitic Cloud        Conj/Pois/Air  28%        N/A       2%          3
g - Freeze                Ice            100%       1d11      1%          1
h - Corpse Rot            Necr/Air       56%        N/A       1%          2
i - Teleport Other        Tloc           28%        N/A       2%          3
Your spell library was empty.

Dungeon Overview and Level Annotations

Branches:
Dungeon (6/15)
 Temple: D:4-7

Altars:
Dithmenos
Gozag
Xom

Shops:
D:3 [


Innate Abilities, Weirdness & Mutations

You are immune to sickness and miasma.
You are immune to poison.
Your flesh is very heat resistant. (rF++)
You are vulnerable to cold. (rC-)
You float through the air rather than walking.
You learn spells naturally, not from books.
Your magical power is your life essence.
You have superior vitality. (+4 MHP)


Message History

A hornet is nearby!
A hornet is nearby!
Casting: Teleport Other (dangerous; 2% risk of failure)
Confirm with . or Enter, or press ? or * to list all spells.
Aiming: Teleport Other (dangerous; 2% risk of failure)
Press: ? - help, Shift-Dir - straight line, f - hornet
Aim: a hornet (chance to affect: 59%)
The hornet looks slightly unstable.
The hornet disappears!
A white imp comes into view.
The white imp shouts, "Scamper hence, thou foppish spur-galled nobody!"
You hit the white imp.
The white imp is moderately wounded.
The white imp barely misses you. The white imp gestures at you.
The puff of frost hits you!
You feel a terrible chill!
You hit the white imp but do no damage.
The white imp is lightly wounded.
The white imp hits you. The white imp freezes you.
You feel a terrible chill!
You closely miss the white imp.
The white imp is lightly wounded.
The white imp barely misses you.
You hit the white imp.
The white imp is severely wounded.
The white imp hits you. The white imp freezes you.
You feel a terrible chill! The hornet stings you!
A necrophage comes into view.
The white imp gestures at you. The puff of frost misses you.
Casting: Teleport Other (dangerous; 2% risk of failure)
Confirm with . or Enter, or press ? or * to list all spells.
Aiming: Teleport Other (dangerous; 2% risk of failure)
Press: ? - help, Shift-Dir - straight line, f/p - hornet
Aim: a hornet (chance to affect: 59%)
The hornet looks slightly unstable.
* * * LOW HITPOINT WARNING * * *
The hornet stings you!
* * * LOW HITPOINT WARNING * * *
The hornet stings you!
You die...

## <. #.#
##.# n..#
#..# #y5#
#@.#
#..#######
#.........
#.########
#.......#
#######.#
#.# #.#
#.#


You could see a hornet, a necrophage and a white imp.

Vanquished Creatures
  A necrophage (D:5)
  A sky beast (D:5)
  A phantom (D:4)
  An elf zombie (D:5)
  2 scorpions (D:5)
  An elf skeleton (D:5)
  2 bullfrog zombies (D:5)
  2 human zombies (D:5)
  3 hounds (D:5)
  A centaur skeleton (D:5)
  A human skeleton (D:5)
  An iguana (D:4)
  An orc wizard (D:5)
  A scorpion zombie (D:5)
  A hound zombie (D:5)
  3 hound skeletons (D:4)
  5 gnolls
  A howler monkey zombie (D:5)
  5 adders
  An adder skeleton (D:4)
  A worm (D:5)
  A dart slug (D:2)
  6 orcs
  4 endoplasms
  A giant cockroach (D:2)
  2 goblins
  3 hobgoblins (D:2)
  2 jackals (D:3)
  2 quokkas
  6 ball pythons
  7 bats
  4 frilled lizards
  6 kobolds
  An orc skeleton (D:5)
  7 rats
88 creatures vanquished.

Vanquished Creatures (collateral kills)
  A scorpion (D:4)
  A gnoll shaman (D:3)
  An iguana (D:3)
  A worm (D:3)
  An endoplasm (D:2)
  2 jackals (D:3)
  A ball python (D:2)
8 creatures vanquished.

Grand Total: 96 creatures vanquished

Notes
Turn   | Place    | Note
-------+----------+-------------------------------------------
     0 | D:1      | Gabide the Djinni Hedge Wizard began the quest for the Orb.
     0 | D:1      | Reached XP level 1. HP: 15/15 MP: 0/0
   634 | D:2      | Reached XP level 2. HP: 20/21 MP: 0/0
  1060 | D:2      | Reached skill level 3 in Spellcasting
  1171 | D:2      | Reached XP level 3. HP: 10/25 MP: 0/0
  1171 | D:2      | Learned a level 1 spell: Freeze
  1463 | D:2      | Found a shimmering altar of Xom.
  1933 | D:2      | Identified the +0 robe "Rebiw" {Str-3 Dex+5}
  2231 | D:2      | Identified the +3 hand axe of the Leaping Wolf {elec, rF+}
  2672 | D:3      | Reached XP level 4. HP: 7/31 MP: 0/0
  3192 | D:3      | Found a faded altar of an unknown god.
  3516 | D:3      | Found Vogiext's Armour Boutique.
  3646 | D:3      | Reached XP level 5. HP: 27/36 MP: 0/0
  3646 | D:3      | Learned a level 2 spell: Corpse Rot
  3733 | D:3      | Reached skill level 1 in Fighting
  3733 | D:3      | Reached skill level 4 in Spellcasting
  4398 | D:4      | Reached XP level 6. HP: 24/44 MP: 0/0
  4899 | D:4      | HP: 2/45 [scorpion (8)]
  6048 | D:4      | Reached XP level 7. HP: 47/50 MP: 0/0
  6048 | D:4      | Learned a level 3 spell: Teleport Other
  6297 | D:5      | Entered Level 5 of the Dungeon
  6322 | D:5      | Reached skill level 5 in Spellcasting
  6999 | D:5      | Reached XP level 8. HP: 32/58 MP: 0/0
  7280 | D:5      | Reached skill level 6 in Spellcasting
  7758 | D:5      | Found an opulent altar of Gozag.
  7817 | D:5      | Found a shadowy altar of Dithmenos.
  7821 | D:5      | Reached skill level 5 in Fighting
  7844 | D:5      | Became a worshipper of Dithmenos the Shadowed
  8405 | D:6      | Noticed a hornet
  8418 | D:6      | Slain by a hornet

Illustrated notes

Levels and vault maps discovered:
D:1:      sevenhm_arrival_forest_fort_small_4, layout_basic,
          nicolae_concentric_dashed_squares_wild
D:2:      minmay_recursive_quarters, layout_loops_corners, basic_altar,
          minmay_fountain_box, minmay_misc_feat_chi, grunt_ministairs_15
D:3:      layout_rooms, ebering_ecumenical_altar_hall, serial_shops,
          nicolae_lakefront_shop, minmay_tree_intersection
D:4:      layout_loops_corners
D:5:      layout_loops_ring, nicolae_gozag_seed_capital,
          nicolae_ossuary_entry_catacombs, minmay_ruined_shrine
D:6:      layout_basic

Skill      XL: |  1  2  3  4  5  6  7  8 |
---------------+-------------------------+-----
Spellcasting   | 3 4 5 6 |  6.6
Fighting       | 2 3 4 5 |  5.2
Dodging        | |  2.5
Stealth        | |  1.5

Action                   |  1- 3 |  4- 6 |  7- 9 || total
-------------------------+-------+-------+-------++-------
Melee: Hand axe          |       |    19 |   121 ||   140
       Punch             |       |       |     2 ||     2
 Cast: Magic Dart        |    76 |   114 |    28 ||   218
       Call Imp          |     7 |    11 |     4 ||    22
       Blink             |     2 |     1 |       ||     3
       Slow              |    11 |    16 |     3 ||    30
       Mephitic Cloud    |       |    15 |    10 ||    25
       Freeze            |       |     2 |       ||     2
       Conjure Flame     |       |     4 |     7 ||    11
       Teleport Other    |       |       |     3 ||     3
  Use: Scroll            |     2 |     3 |     2 ||     7
       Potion            |       |     2 |       ||     2
 Stab: Confused          |       |     2 |     5 ||     7
       Distracted        |       |       |     1 ||     1
       Sleeping          |       |       |     1 ||     1
Armor: Robe              |     1 |     9 |    24 ||    34
Dodge: Dodged            |    12 |    51 |    76 ||   139
